 Dungeon Crawl Stone Soup version 0.29-a0-360-g8ed1089bbe (webtiles) character file.

Game seed: 2462912241057903417

90 ytrimaz the Insei (level 4, 0/43 HPs)
             Began as an Octopode Transmuter on Apr 28, 2022.
             Succumbed to an adder's poison
             ... on level 2 of the Dungeon.
             The game lasted 00:02:04 (1930 turns).

ytrimaz the Insei (Octopode Transmuter)             Turns: 1930, Time: 00:02:04

Health: 0/43       AC:  1    Str:  9    XL:     4   Next: 56%
Magic:  7/7        EV: 13    Int: 17    God:
Gold:   78         SH:  0    Dex: 12    Spells: 4/7 levels left

rFire   . . .      SeeInvis .     - Unarmed
rCold   . . .      Faith    .   (no shield)
rNeg    . . .      Spirit   .   (helmet currently unavailable)
rPois   .          Reflect  .   (no amulet)
rElec   .          Harm     .   b - ring of willpower
rCorr   .          Rampage  .   (no ring)
Will    +....                   (no ring)
Stlth   ..........              (no ring)
HPRegen 0.14/turn               (no ring)
MPRegen 0.10/turn               (no ring)
                                (no ring)
                                (no ring)

@: berserking, lethally poisoned (0 -> -6), appendages, very quick
A: tentacle spike 3, almost no armour, amphibious, 8 rings, camouflage 1,
gelatinous body 1, (nimble swimmer 1), tentacles
a: End Transformation


You were on level 2 of the Dungeon.
One of your tentacles had grown a beastly spike.
You visited 1 branch of the dungeon, and saw 2 of its levels.

You collected 78 gold pieces.

Inventory:

Jewellery
 b - a ring of willpower (left tentacle)
Scrolls
 g - a scroll of fear
 h - a scroll of immolation
Potions
 d - a potion of attraction
 f - 3 potions of haste


   Skills:
 * Level 1.7 Fighting
 * Level 2.6 Dodging
 + Level 4.0 Unarmed Combat
 - Level 2.0 Spellcasting
 * Level 2.9 Transmutations


You had 4 spell levels left.
You knew the following spells:

 Your Spells              Type           Power      Damage    Failure   Level
a - Beastly Appendage     Tmut           22%        N/A       6%          1
b - Wereblood             Tmut           11%        N/A       9%          2

Your spell library contained the following spells:

 Spells                   Type           Power      Damage    Failure   Level
 Spider Form              Tmut/Pois      6%         N/A       32%         3
 Ice Form                 Ice/Tmut       6%         N/A       71%         4


Dungeon Overview and Level Annotations

Branches:
Dungeon (2/15)

Altars:


Innate Abilities, Weirdness & Mutations

One of your tentacles has grown a beastly spike.
You cannot wear most types of armour.
You are amphibious.
You can wear up to eight rings at the same time.
Your skin changes colour to match your surroundings (Stealth+).
Your rubbery body absorbs attacks. (AC +1, EV +1)
((You are camouflaged when in or above water. (Stealth+)))
You have tentacles for arms and can constrict up to eight enemies at once.


Message History

You kill the bat!
You constrict the adder. The adder completely misses you.
You tentacle-slap the kobold. You grab the kobold.
You pierce the kobold.
You kill the kobold!
You constrict the adder. The ball python closely misses you.
The ball python grabs you. The ball python constricts you.
The adder bites you. x2
You are poisoned.
The adder poisons you!
You escape the ball python's grasp.
You release your grip on the adder.
The ball python attacks as you move away!
The ball python bites you.
You feel sick. The adder attacks as you move away! The adder bites you.
You are more poisoned.
The adder poisons you!
You feel sick. The adder closely misses you.
You feel sick.
You feel sick.
You feel sick. The adder bites you.
* * * LOW HITPOINT WARNING * * *
A red film seems to cover your vision as you go berserk!
You feel yourself moving faster!
You feel mighty!
You feel sick. The adder bites you but does no damage.
You bludgeon the adder!
You kill the adder!
You feel sick.
You bludgeon the ball python!
You kill the ball python!
You barely miss the adder. Your grab misses the adder.
You feel sick. The adder bites you.
* * * LOW HITPOINT WARNING * * *
You are lethally poisoned!
The adder poisons you!
You tentacle-slap the adder. You grab the adder.
The adder is heavily wounded.
You constrict the adder.
* * * LOW HITPOINT WARNING * * *
You feel sick. The adder bites you.
* * * LOW HITPOINT WARNING * * *
You bludgeon the adder!
You kill the adder!
You die...

#..... ... ##....###.... #
#?...)....# #. ##..# #..###..##
.. ###.....####.##.# .
.......g......... ##.
#######†#######.# #.. #@# #.#
#.# #.# #.# #.# #.# #.# #.#
#.#######.# #.#
#......)..#####.#
..#######################......#
........##................######
#######.##.################
#.##.#


You could see a hobgoblin.

Vanquished Creatures
  Robin (D:2)
  3 adders (D:2)
  A dart slug (D:1)
  4 endoplasms (D:1)
  3 giant cockroaches (D:1)
  7 hobgoblins
  2 jackals (D:2)
  3 kobolds
  A quokka (D:1)
  7 ball pythons
  3 bats
  4 frilled lizards (D:1)
  14 goblins
  2 rats
55 creatures vanquished.

Notes
Turn   | Place    | Note
-------+----------+-------------------------------------------
     0 | D:1      | ytrimaz the Octopode Transmuter began the quest for the
                  | Orb.
     0 | D:1      | Reached XP level 1. HP: 13/13 MP: 3/3
   245 | D:1      | Reached XP level 2. HP: 14/18 MP: 3/5
   744 | D:1      | Reached XP level 3. HP: 22/23 MP: 6/6
  1048 | D:2      | Noticed Robin
  1055 | D:2      | Killed Robin
  1087 | D:2      | Learned a level 2 spell: Wereblood
  1176 | D:2      | Reached XP level 4. HP: 25/28 MP: 5/7
  1535 | D:2      | Reached skill level 4 in Unarmed Combat
  1929 | D:2      | HP: 1/43 [adder (2)]
  1930 | D:2      | Succumbed to an adder's poison

Illustrated notes

Levels and vault maps discovered:
D:1:      matt_arrival_diagonals, layout_basic, kennysheep_decorative_pillar,
          minmay_domino_4
D:2:      layout_loops_ring, minmay_three_crescents, uniq_robin, uniq_natasha

Skill      XL: |  1  2  3  4 |
---------------+-------------+-----
Unarmed Combat | 4 |  4.0
Fighting       | |  1.7
Dodging        | |  2.6
Spellcasting   | |  2.0
Transmutations | |  2.9

Action                   |  1- 3 |  4- 6 || total
-------------------------+-------+-------++-------
Melee: Unarmed           |    75 |    28 ||   103
       Constrict         |    18 |     7 ||    25
       Kick              |    14 |     5 ||    19
       Tentacles         |     9 |     5 ||    14
       Punch             |     3 |     1 ||     4
 Cast: Beastly Appendage |    16 |     9 ||    25
  Use: Scroll            |     3 |     2 ||     5
       Potion            |       |     3 ||     3
 Stab: Sleeping          |     2 |     1 ||     3
Armor: Skin              |     5 |    10 ||    15
Dodge: Dodged            |    36 |    16 ||    52

Table legend: (Time is in decaauts)
 A = Elapsed time spent in this place.
 B = Non-inter-level travel time spent in this place.
 C = Inter-level travel time spent in this place.
 D = Time resting spent in this place.
 E = Time spent auto-exploring this place.
 F = Levels seen in this place.
 G = Mean time per level.
                   A        B        C        D        E       F      G
               +--------+--------+--------+--------+--------+-----+--------+
         Total |   1921 |   1900 |     21 |    186 |   1382 |   2 |  960.5 |
       Dungeon |   1921 |   1900 |     21 |    186 |   1382 |   2 |  960.5 |
               +--------+--------+--------+--------+--------+-----+--------+

Top non-repeatable levels by time:
     D:1: 1021 daAuts
     D:2: 900 daAuts
